 Dungeon Crawl Stone Soup version 0.24.0-125-gc4c63601f3 (webtiles) character file.

Game seed: 15637176051950379978, levelgen mode: deterministic

5975 Curus the Basher (level 10, -1/136 HPs)
             Began as a Minotaur Fighter on Feb 18, 2020.
             Was an Elder of Makhleb.
             Slain by an eight-headed hydra (2 damage)
             ... on level 1 of the Lair of Beasts.
             The game lasted 00:33:51 (7297 turns).

Curus the Basher (Minotaur Fighter)                 Turns: 7297, Time: 00:33:52

Health: -1/136     AC: 14    Str: 26    XL:     10   Next: 55%
Magic:  9/9        EV:  6    Int:  7    God:    Makhleb [****..]
Gold:   151        SH: 15    Dex: 13    Spells: 9/9 levels left

rFire    . . .     SeeInvis .   a - +2 flail
rCold    . . .     Gourm    .   c - +1 shield
rNeg     . . .     Faith    +   j - +0 chain mail
rPois    .         Spirit   .   (helmet restricted)
rElec    .         Reflect  .   o - +0 cloak
rCorr    .         Harm     .   (no gloves)
MR       .....                  h - +0 pair of boots
Stlth    ..........             l - amulet of faith
HPRegen  0.32/turn              r - +2 ring of dexterity
MPRegen  0.11/turn              A - +2 ring of dexterity

@: berserking, very quick
A: retaliatory headbutt, horns 2, large bone plates 1, clumsy 1
a: Minor Destruction, Lesser Servant of Makhleb, Major Destruction, Renounce
Religion


You were on level 1 of the Lair of Beasts.
You worshipped Makhleb.
Makhleb was greatly pleased with you.
You were not hungry.

You visited 2 branches of the dungeon, and saw 11 of its levels.

You collected 401 gold pieces.
You spent 250 gold pieces at shops.

Inventory:

Hand Weapons
 a - a +2 flail (weapon)
Armour
 b - a +0 scale mail
 c - a +1 shield (worn)
 h - a +0 pair of boots (worn)
 j - a +0 chain mail (worn)
 o - a +0 cloak (worn)
Jewellery
 i - an uncursed amulet of the gourmand
 l - an amulet of faith (around neck)
 q - an uncursed ring of attention
 r - a +2 ring of dexterity (left hand)
 s - an uncursed ring of resist corrosion
 x - an uncursed amulet of guardian spirit
 z - a +3 amulet of reflection
 A - a +2 ring of dexterity (right hand)
Wands
 n - a wand of flame (4)
 y - a wand of acid (12)
 B - a wand of random effects (29)
Scrolls
 g - 8 scrolls of identify
 m - 4 scrolls of remove curse
 p - 4 scrolls of teleportation
 t - 2 scrolls of fog
Potions
 d - 3 potions of might
 e - a potion of heal wounds
 k - 2 potions of cancellation
 u - 8 potions of curing
 w - a potion of agility
Comestibles
 f - 27 rations


   Skills:
 - Level 9.5 Fighting
 - Level 14.0 Maces & Flails
 - Level 9.5 Armour
 + Level 3.6 Shields
 + Level 0.0 Invocations


You had 9 spell levels left.
You didn't know any spells.
Your spell library contained the following spells:

 Spells                   Type           Power        Failure   Level  Hunger
 Confusing Touch          Hex            #.....       100%        1    ##.....
 Magic Dart               Conj           #...         100%        1    ##.....
 Searing Ray              Conj           #.....       100%        2    ###....
 Confuse                  Hex            #.......     100%        3    ####...
 Dazzling Spray           Conj/Hex       #.....       100%        3    ####...
 Gell's Gravitas          Tloc           #.........   100%        3    ####...
 Force Lance              Conj/Tloc      #.......     100%        4    #####..
 Fulminant Prism          Conj/Hex       #.........   100%        4    #####..
 Iskenderun's Mystic Bla  Conj           #.......     100%        4    #####..
 Petrify                  Tmut/Erth      #.......     100%        4    #####..
 Metabolic Englaciation   Hex/Ice        #.........   100%        5    ######.
 Yara's Violent Unravell  Hex/Tmut       #.........   100%        5    ######.


Dungeon Overview and Level Annotations

Branches:
Dungeon (10/15)            Temple (0/1) D:6            Lair (1/6) D:8
    Orc: D:9-12

Altars:
Ashenzari
Fedhas
Hepliaklqana
Kikubaaqudgha
Makhleb
Qazlal
Ru
Vehumet
Wu Jian
Yredelemnul
Zin
The Shining One

Shops:
D:5 [   D:6 (!(

Annotations:
D:8 Maurice


Innate Abilities, Weirdness & Mutations

You reflexively headbutt those who attack you in melee.
You have a pair of horns on your head.
You are partially covered in large bone plates. (SH +4)
You are clumsy. (Dex -2)


Message History

You block the eight-headed hydra's attack.
The eight-headed hydra bites you.
* * * LOW HITPOINT WARNING * * *
You block the eight-headed hydra's attack.
The eight-headed hydra bites you but does no damage.
You block the eight-headed hydra's attack.
The eight-headed hydra bites you.
* * * LOW HITPOINT WARNING * * *
The eight-headed hydra bites you but does no damage.
The eight-headed hydra completely misses you.
You bludgeon the eight-headed hydra!!
The eight-headed hydra is severely wounded.
You sock the eight-headed hydra!
The eight-headed hydra is almost dead.
The eight-headed hydra closely misses you.
The eight-headed hydra bites you.
* * * LOW HITPOINT WARNING * * *
The eight-headed hydra bites you but does no damage.
The eight-headed hydra bites you.
You die...

... ... #.# .
#.# #. ##.#
##.# #..# ....!
#..####
......###..<..#
#FD@...>.#
#.##.....# ...
#.....# ...##
#.....# .....
#.....# ....
#.....# ..#
.#.#.## .. ....


You could see an eight-headed hydra and a bullfrog.

Vanquished Creatures
  An elephant (D:7)
  A queen bee (D:9)
  Grinder (D:6)
  2 hippogriffs (D:8)
  A basilisk (D:8)
  A wyvern (D:9)
  Grum (D:8)
  3 orc warriors
  A sky beast (D:7)
  3 ice beasts
  3 ogres
  2 phantoms
  4 wolves (D:8)
  2 centaurs
  A crocodile (D:7)
  A big kobold (D:9)
  3 bullfrogs
  3 scorpions
  3 wights (D:6)
  24 killer bees (D:9)
  3 howler monkeys (D:7)
  A crimson imp (D:6)
  4 hounds
  Crazy Yiuf (D:5)
  4 orc priests
  A jelly (D:7)
  5 orc wizards
  2 gnoll shamans
  6 iguanas
  4 worker ants
  A hound zombie (D:5)
  2 howler monkey zombies
  Robin (D:4)
  9 gnolls
  12 adders
  A shadow imp (D:5)
  An adder zombie (D:9)
  2 adder skeletons
  3 worms (D:2)
  2 dart slugs
  9 leopard geckos
  12 orcs
  2 ball pythons
  8 bats
  5 giant cockroaches
  13 goblins
  7 hobgoblins
  9 jackals
  17 kobolds
  4 quokkas
  5 frilled lizards
  A quokka zombie (D:9)
  10 rats
228 creatures vanquished.

Vanquished Creatures (others)
  A fungus (D:8)
1 creature vanquished.

Grand Total: 229 creatures vanquished

Notes
Turn   | Place    | Note
-------+----------+-------------------------------------------
     0 | D:1      | Curus the Minotaur Fighter began the quest for the Orb.
     0 | D:1      | Reached XP level 1. HP: 19/19 MP: 0/0
    50 | D:1      | Reached skill level 3 in Maces & Flails
    72 | D:1      | Reached XP level 2. HP: 26/26 MP: 1/1
   380 | D:1      | Reached skill level 4 in Maces & Flails
   724 | D:2      | Reached XP level 3. HP: 28/31 MP: 2/2
  1016 | D:2      | Reached skill level 5 in Maces & Flails
  1057 | D:2      | Found a faded altar of an unknown god.
  1084 | D:2      | Reached XP level 4. HP: 39/39 MP: 3/3
  1395 | D:3      | Reached skill level 6 in Maces & Flails
  1764 | D:3      | Reached XP level 5. HP: 39/45 MP: 4/4
  1777 | D:3      | Gained mutation: You are clumsy. (Dex -2) [potion of
                  | mutation]
  1777 | D:3      | Gained mutation: You are partially covered in large bone
                  | plates. (SH +4) [potion of mutation]
  2107 | D:4      | Reached skill level 7 in Maces & Flails
  2191 | D:4      | Reached XP level 6. HP: 32/51 MP: 5/5
  2265 | D:4      | Noticed Robin
  2274 | D:4      | Killed Robin
  2668 | D:4      | Reached skill level 8 in Maces & Flails
  2854 | D:4      | Found a hazy altar of Hepliaklqana.
  2931 | D:4      | Found a burning altar of Makhleb.
  2937 | D:4      | Became a worshipper of Makhleb the Destroyer
  3372 | D:5      | Entered Level 5 of the Dungeon
  3398 | D:5      | Noticed an ice beast
  3406 | D:5      | Killed an ice beast
  3406 | D:5      | Reached skill level 9 in Maces & Flails
  3409 | D:5      | Noticed an ice beast
  3416 | D:5      | Killed an ice beast
  3416 | D:5      | Reached XP level 7. HP: 57/57 MP: 6/6
  3664 | D:5      | Reached skill level 10 in Maces & Flails
  3795 | D:5      | Found a runed translucent door.
  3796 | D:5      | Noticed Crazy Yiuf
  3888 | D:5      | Found Byvili's Antique Armour Shop.
  3977 | D:5      | Killed Crazy Yiuf
  4084 | D:6      | Found a staircase to the Ecumenical Temple.
  4101 | D:6      | Reached skill level 11 in Maces & Flails
  4101 | D:6      | Reached XP level 8. HP: 30/64 MP: 7/7
  4110 | D:6      | Reached * piety under Makhleb
  4177 | D:6      | Noticed Grinder
  4197 | D:6      | Killed Grinder
  4197 | D:6      | Reached skill level 12 in Maces & Flails
  4262 | D:6      | Found Laupnytt's Antique Weapon Shoppe.
  4427 | D:6      | Found Cedu's Distillery.
  4432 | D:6      | Bought a potion of curing for 30 gold pieces
  4432 | D:6      | Bought a potion of curing for 30 gold pieces
  4432 | D:6      | Bought a potion of curing for 30 gold pieces
  4432 | D:6      | Bought a potion of curing for 30 gold pieces
  4432 | D:6      | Bought a potion of curing for 30 gold pieces
  4432 | D:6      | Bought a potion of berserk rage for 50 gold pieces
  4432 | D:6      | Bought a potion of berserk rage for 50 gold pieces
  4646 | D:6      | Found Racotuf's Weapon Shop.
  4770 | D:7      | Reached skill level 13 in Maces & Flails
  5140 | D:7      | Found an ancient bone altar of Kikubaaqudgha.
  5140 | D:7      | You fall into a shaft and drop 3 floors!
  5140 | D:10     | Entered Level 10 of the Dungeon
  5149 | D:10     | Reached XP level 9. HP: 66/70 MP: 8/8
  5152 | D:10     | Reached ** piety under Makhleb
  5276 | D:9      | Found a radiant altar of Vehumet.
  5276 | D:9      | Found a stormy altar of Qazlal.
  5276 | D:9      | Found a basalt altar of Yredelemnul.
  5276 | D:9      | Found a glowing golden altar of the Shining One.
  5276 | D:9      | Found an ornate altar of the Wu Jian Council.
  5276 | D:9      | Found a shattered altar of Ashenzari.
  5284 | D:9      | Reached skill level 14 in Maces & Flails
  5362 | D:8      | Noticed Maurice
  5459 | D:9      | Found a glowing silver altar of Zin.
  5570 | D:9      | Noticed a queen bee
  5601 | D:9      | Killed a queen bee
  5601 | D:9      | Reached skill level 5 in Fighting
  5601 | D:9      | Reached skill level 5 in Armour
  5721 | D:9      | Reached *** piety under Makhleb
  5969 | D:8      | Reached XP level 10. HP: 72/86 MP: 9/9
  6327 | D:7      | Found a blossoming altar of Fedhas.
  6583 | D:7      | Found a sacrificial altar of Ru.
  6841 | D:8      | Found a staircase to the Lair.
  6841 | D:8      | Noticed an elephant
  6869 | D:7      | Killed an elephant
  7166 | D:8      | Reached **** piety under Makhleb
  7236 | D:8      | Noticed Grum
  7269 | D:8      | Killed Grum
  7283 | Lair:1   | Entered Level 1 of the Lair of Beasts
  7284 | Lair:1   | Noticed an eight-headed hydra
  7295 | Lair:1   | HP: 5/136 [eight-headed hydra (5)]
  7295 | Lair:1   | HP: 2/136 [eight-headed hydra (3)]
  7297 | Lair:1   | Slain by an eight-headed hydra

Levels and vault maps discovered:
D:1:      lemuel_arrival_behind_the_door_small, layout_basic
D:2:      layout_loops_ring, chequers_ecumenical_altar_twisty, minmay_unequal
D:3:      layout_rooms
D:4:      layout_basic, overflow_temple_1_default,
          nicolae_overflow_hidden_temple, first_ration, uniq_robin
D:5:      layout_cave_pools, serial_shops, shop_statue, uniq_crazy_yiuf_cottage
D:6:      layout_loops_ring, minmay_temple_entry_mini_moons, serial_shops,
          kennysheep_little_box, shop, nicolae_shop_trees, uniq_grinder
D:7:      layout_basic, kiku_gazebo_pond_becter, kennysheep_mini_moat,
          nicolae_ru_path_of_blood
D:8:      minmay_statue_hallways, layout_basic, david_lair_generic,
          uniq_maurice, uniq_grum
D:9:      layout_roguey [special_room_bee], lemuel_crystal_altar,
          grunt_temple_overflow_open, old_standard_altar
D:10:     layout_basic, grunt_ogre_cave, tgw_sif
Lair:1:   layout_roguey, gauntlet_entry_generic, ebering_ghost_disaster_area,
          portal_ice_cave_entry_pillars_1, uniq_fannar

Skill      XL: |  1  2  3  4  5  6  7  8  9 10 |
---------------+-------------------------------+-----
Maces & Flails | 3 4 5 6 7 9 11 13 14 | 14.0
Armour         | 7 9 |  9.5
Fighting       | 7 9 |  9.5
Shields        | |  3.6

Action                   |  1- 3 |  4- 6 |  7- 9 | 10-12 || total
-------------------------+-------+-------+-------+-------++-------
Melee: Flail             |   108 |   219 |   425 |   177 ||   929
       Headbutt          |    11 |    29 |    59 |    37 ||   136
Evoke: Wand              |       |       |     1 |       ||     1
  Use: Scroll            |     7 |     3 |     3 |     3 ||    16
       Potion            |     2 |     5 |     4 |     2 ||    13
  Eat: Chunk             |     1 |     6 |     6 |     5 ||    18
       Ration            |       |       |     1 |       ||     1
Armor: Scale mail        |    22 |       |       |       ||    22
       Chain mail        |     7 |   107 |   102 |    74 ||   290
       Skin              |       |       |    36 |       ||    36
Dodge: Dodged            |    25 |    39 |    45 |    32 ||   141
Block: Shield            |    42 |   133 |   225 |   112 ||   512
